 Dungeon Crawl Stone Soup version 0.29-a0-88-g03a7b78be7 (webtiles) character file.

Game seed: 9658310503785345897

56 NotEbe the Skirmisher (level 3, -25/34 HPs)
             Began as a Minotaur Berserker on Feb 5, 2022.
             Was a Follower of Jiyva.
             Annihilated by a polar bear (27 damage)
             ... created by the rage of Trog
             ... on level 3 of the Dungeon.
             The game lasted 00:16:59 (2987 turns).

NotEbe the Skirmisher (Minotaur Berserker)          Turns: 2987, Time: 00:17:00

Health: -25/34     AC:  3    Str: 23    XL:     3   Next: 69%
Magic:  2/2        EV: 12    Int:  4    God:    Jiyva [*.....]
Gold:   116        SH:  0    Dex:  9    Spells: 2/2 levels left

rFire   . . .      SeeInvis .   a - +0 hand axe
rCold   . . .      Faith    .   (no shield)
rNeg    . . .      Spirit   .   g - +0 leather armour
rPois   .          Reflect  .   (helmet restricted)
rElec   .          Harm     .   (no cloak)
rCorr   .          Rampage  .   (no gloves)
Will    .....                   (no boots)
Stlth   +.........              (no amulet)
HPRegen 0.91/turn               (no ring)
MPRegen 0.33/turn               (no ring)

@: no status effects
A: horns 2, retaliatory headbutt
a: Renounce Religion


You were on level 3 of the Dungeon.
You worshipped Jiyva.
Jiyva was aware of your devotion.
You visited 1 branch of the dungeon, and saw 3 of its levels.

You collected 116 gold pieces.

Inventory:

Hand Weapons
 a - a +0 hand axe (weapon)
 d - a +0 dagger
 i - a +0 club
 j - a +0 dagger
 k - a +0 dagger
 n - a +0 vorpal mace
 o - a +0 dagger
 q - a +0 club
 r - a +0 short sword
 v - a +0 whip
 w - a +0 club
 x - a +0 hunting sling
 y - a +0 dagger
 C - a +0 spear
 F - a +0 club
Missiles
 l - 21 arrows
 D - 31 stones (quivered)
Armour
 b - a +0 animal skin
 g - a +0 leather armour (worn)
 h - an orb of mayhem
 u - a +0 robe
 B - a +0 leather armour
 E - a +0 cloak
Jewellery
 G - a ring of protection from cold
Scrolls
 c - 6 scrolls of identify {unknown}
 f - a scroll of enchant weapon {unknown}
 s - a scroll of magic mapping {unknown}
 z - a scroll of vulnerability {unknown}
 A - 2 scrolls of fear {unknown}
Potions
 e - a potion of heal wounds {unknown}
 m - 2 potions of cancellation {unknown}
 p - a potion of invisibility {unknown}
 t - a potion of resistance {unknown}
 H - a potion of berserk rage {unknown}


   Skills:
 + Level 4.5 Fighting
 + Level 4.4 Axes
 + Level 2.8 Armour
 + Level 2.7 Dodging


You had 2 spell levels left.
You didn't know any spells.
Your spell library contained the following spells:

 Spells                   Type           Power      Damage    Failure   Level
 Dazzling Flash           Conj/Hex       0%         N/A       89%         3
 Iskenderun's Mystic Bla  Conj/Tloc      0%         2d3       100%        4
 Starburst                Conj/Fire      0%         6d3       100%        6


Dungeon Overview and Level Annotations

Branches:
Dungeon (3/15)

Altars:
Jiyva


Innate Abilities, Weirdness & Mutations

You have a pair of horns on your head.
You reflexively headbutt those who attack you in melee.


Message History

You hit the quokka. You headbutt the quokka.
You kill the quokka!
You feel sick.
You are no longer poisoned.
No target in view!
No target in view!
You hear a distant slurping noise.
H - a cyan potion
There are no items here.
Found a whip.
No target in view!
No target in view!
No target in view!
Trog sends monsters to punish you. 2 polar bears and 2 black bears come into view.
You barely miss the polar bear.
You don't know any spells.
You hit the polar bear but do no damage.
You headbutt the polar bear, but do no damage.
The polar bear bites you but does no damage.
The polar bear claws you. The polar bear closely misses you.
You hit the black bear. You headbutt the black bear!
The black bear is moderately wounded.
You hit the polar bear. The black bear completely misses you.
The black bear claws you. The black bear completely misses you.
The polar bear misses you. The polar bear claws you.
The polar bear closely misses you. The polar bear barely misses you. x2
The polar bear misses you.
You hit the polar bear.
You headbutt the polar bear, but do no damage.
The polar bear is lightly wounded.
You hit the polar bear but do no damage.
The polar bear bites you!!
Ouch! That really hurt!
* * * LOW HITPOINT WARNING * * *
The polar bear barely misses you.
The polar bear claws you but does no damage.
The polar bear bites you!!
Ouch! That really hurt!
You die...

##.......##
#.........#
+.........+
#....†....#
##......<##
######.....##
#h........##
#h#####..##
#@# #..# #h#
#..# .h# ....
##.# .#<..#
#.# ..... #.#
#...## ...
...## #.#


You could see 2 polar bears and 2 black bears.

Vanquished Creatures
  An adder (D:3)
  A worm (D:2)
  7 bats
  2 endoplasms (D:1)
  8 goblins
  3 hobgoblins
  4 quokkas
  7 ball pythons
  2 frilled lizards
  2 kobolds (D:2)
  3 rats
40 creatures vanquished.

Notes
Turn   | Place    | Note
-------+----------+-------------------------------------------
     0 | D:1      | NotEbe the Minotaur Berserker began the quest for the Orb.
     0 | D:1      | Reached XP level 1. HP: 19/19 MP: 0/0
   254 | D:1      | Reached XP level 2. HP: 26/27 MP: 1/1
  1698 | D:2      | Reached ** piety under Trog
  1830 | D:2      | Reached XP level 3. HP: 33/34 MP: 2/2
  1845 | D:2      | Found a faded altar of an unknown god.
  2846 | D:2      | Prayed at the altar of an unknown god.
  2846 | D:2      | Fell from the grace of Trog
  2846 | D:2      | Became a worshipper of Jiyva Jowoz the Shapeless
  2846 | D:2      | Reached * piety under Jiyva
  2984 | D:3      | Noticed a polar bear
  2984 | D:3      | Noticed a polar bear
  2984 | D:3      | Noticed a black bear
  2984 | D:3      | Noticed a black bear
  2987 | D:3      | Annihilated by a polar bear

Illustrated notes

Levels and vault maps discovered:
D:1:      lemuel_arrival_room, layout_basic, kennysheep_small_spiral
D:2:      layout_basic, ebering_ecumenical_altar_box
D:3:      layout_loops_corners

Skill      XL: |  1  2 |
---------------+-------+-----
Fighting       | 4 |  4.5
Axes           | 4 |  4.4
Armour         | |  2.8
Dodging        | |  2.7

Action                   || total
-------------------------++-------
Melee: Hand axe          ||    93
       Headbutt          ||    10
 Stab: Sleeping          ||     1
Armor: Animal skin       ||    10
       Leather armour    ||    11
Dodge: Dodged            ||    77

Table legend: (Time is in decaauts)
 A = Elapsed time spent in this place.
 B = Non-inter-level travel time spent in this place.
 C = Inter-level travel time spent in this place.
 D = Time resting spent in this place.
 E = Time spent auto-exploring this place.
 F = Levels seen in this place.
 G = Mean time per level.
                   A        B        C        D        E       F      G
               +--------+--------+--------+--------+--------+-----+--------+
         Total |   2994 |   2994 |      0 |    193 |    594 |   3 |  998.0 |
       Dungeon |   2994 |   2994 |      0 |    193 |    594 |   3 |  998.0 |
               +--------+--------+--------+--------+--------+-----+--------+

Top non-repeatable levels by time:
     D:1: 1674 daAuts
     D:2: 1292 daAuts
     D:3: 28 daAuts
